 Dungeon Crawl Stone Soup version 0.29.0 (webtiles) character file.

Game seed: 13425976771137828851

43 Orban the Trooper (level 3, -2/33 HPs)
             Began as a Minotaur Monk on Sept 1, 2022.
             Was a Believer of Elyvilon.
             Slain by a gnoll
             ... wielding a +0 spear
              (7 damage)
             ... on level 2 of the Dungeon.
             The game lasted 00:03:31 (1751 turns).

Orban the Trooper (Minotaur Monk)                   Turns: 1751, Time: 00:03:31

Health: -2/33      AC:  2    Str: 17    XL:     3   Next: 37%
Magic:  2/2        EV: 13    Int:  7    God:    Elyvilon [**....]
Gold:   64         SH:  0    Dex: 12    Spells: 2/2 levels left

rFire   . . .      SeeInvis .   a - +0 mace
rCold   . . .      Faith    .   (no shield)
rNeg    . . .      Spirit   .   b - +0 robe
rPois   .          Reflect  .   (helmet restricted)
rElec   .          Harm     .   (no cloak)
rCorr   .          Rampage  .   (no gloves)
Will    .....                   (no boots)
Stlth   +.........              (no amulet)
HPRegen 0.11/turn               (no ring)
MPRegen 0.08/turn               (no ring)

@: confused, ambrosia-drunk
A: horns 2, retaliatory headbutt
a: Renounce Religion, Purification, Heal Other


You were on level 2 of the Dungeon.
You worshipped Elyvilon.
Elyvilon was pleased with you.
You visited 1 branch of the dungeon, and saw 2 of its levels.

You collected 64 gold pieces.

Inventory:

Hand Weapons
 a - a +0 mace (weapon)
Armour
 b - a +0 robe (worn)
 h - a +0 pair of gloves
Scrolls
 e - a scroll of identify {unknown}
 f - a scroll of teleportation {unknown}
 k - a scroll of amnesia {unknown}
Potions
 d - 2 potions of cancellation {unknown}
 g - a potion of magic {unknown}
 i - a potion of heal wounds {unknown}
 j - a potion of berserk rage {unknown}


   Skills:
 * Level 4.2 Fighting
 + Level 4.1 Maces & Flails
 * Level 3.8 Dodging
 - Level 2.0 Stealth


You had 2 spell levels left.
You didn't know any spells.
Your spell library contained the following spells:

 Spells                   Type           Power      Damage    Failure   Level
 Confusing Touch          Hex            0%         N/A       80%         3
 Yara's Violent Unravell  Hex/Tmut       0%         3d3       100%        5
 Enfeeble                 Hex            0%         N/A       100%        7


Dungeon Overview and Level Annotations

Branches:
Dungeon (2/15)

Altars:
Elyvilon


Innate Abilities, Weirdness & Mutations

You have a pair of horns on your head.
You reflexively headbutt those who attack you in melee.


Message History

You thump the kobold!
You kill the kobold!
You sock the gnoll!
You headbutt the gnoll, but do no damage.
The gnoll is heavily wounded.
The gnoll closely misses you. You furiously retaliate!
You headbutt the gnoll.
A gnoll comes into view. It is wielding a +0 flail.
You closely miss the gnoll.
The gnoll shouts!
You headbutt the gnoll.
You kill the gnoll!
No target in view!
A gnoll is nearby!
A gnoll comes into view. It is wielding a +0 spear.
Items here: ( )) †.
A gnoll comes into view. It is wielding a +0 vorpal spear.
Found an orange potion.
The gnoll throws a throwing net.
The throwing net hits you.
You become entangled in the net!
You see here a throwing net.
You tear a large gash into the net.
The gnoll hits you with a +0 flail!
You struggle against the net.
The gnoll shouts!
The gnoll hits you with a +0 flail!
You struggle against the net.
The gnoll closely misses you.
You rip the net and break free!
The gnoll barely misses you. You furiously retaliate!
You headbutt the gnoll!
The gnoll hits you from afar with a +0 vorpal spear.
* * * LOW HITPOINT WARNING * * *
x2
Items here: ( )) †.
You are confused.
You feel invigorated. The gnoll hits you with a +0 flail.
* * * LOW HITPOINT WARNING * * *
You're too confused to move!
The gnoll completely misses you. The gnoll barely misses you.
You closely miss the gnoll.
The gnoll is heavily wounded.
The gnoll hits you with a +0 flail!
* * * LOW HITPOINT WARNING * * *
The gnoll hits you from afar with a +0 spear!
You die...

####+#.............###.## ###
#.#...................
###...##.....###.#...........
.........#..####.#.....###.#.
.....#.#....#....#....##.#.#.
.._ ...###.#.................
. ...## #........#.#........
..... ###..###.#.#..#...#.
.#.# ## #@.# #.#.#..#.....
...#####.###g.###......#.....
##......gg)g..?# #.#....#...
.####..###.#.# #....#)..
..... #.#.# ##....... #.....
#.#.# ###.#... ....... #.#[#
###... .....!. #.#.# #.....
#...... ..... #.#...


You could see 2 gnolls.

Vanquished Creatures
  A gnoll (D:2)
  A dart slug (D:1)
  4 ball pythons (D:1)
  2 bats
  6 endoplasms
  4 giant cockroaches
  5 goblins
  A hobgoblin (D:2)
  A frilled lizard (D:1)
  3 kobolds
  A rat (D:1)
29 creatures vanquished.

Notes
Turn   | Place    | Note
-------+----------+-------------------------------------------
     0 | D:1      | Orban the Minotaur Monk began the quest for the Orb.
     0 | D:1      | Reached XP level 1. HP: 19/19 MP: 0/0
   408 | D:1      | Reached XP level 2. HP: 27/27 MP: 1/1
  1545 | D:2      | Found a faded altar of an unknown god.
  1601 | D:2      | Prayed at the altar of an unknown god.
  1601 | D:2      | Became a worshipper of Elyvilon the Healer
  1601 | D:2      | Reached * piety under Elyvilon
  1601 | D:2      | Reached ** piety under Elyvilon
  1651 | D:2      | Reached XP level 3. HP: 33/33 MP: 2/2
  1721 | D:2      | Found a white marble altar of Elyvilon.
  1751 | D:2      | Slain by a gnoll

Illustrated notes

Levels and vault maps discovered:
D:1:      mainiacjoe_arrival_reflecting_pool, layout_basic, serial_corexii_hall,
          corexii_hall_statues_u, corexii_hall_statues_u
D:2:      layout_basic, shapermc_ecumenical_altar_starsandcircs, basic_altar,
          uniq_terence, uniq_natasha

Skill      XL: |  1  2 |
---------------+-------+-----
Maces & Flails | 4 |  4.1
Fighting       | 4 |  4.2
Stealth        | 2 |  2.0
Dodging        | |  3.8

Action                   || total
-------------------------++-------
Melee: Mace              ||    59
       Headbutt          ||     6
       Punch             ||     1
  Use: Potion            ||     1
 Stab: Sleeping          ||     2
Armor: Robe              ||     4
Dodge: Dodged            ||    41
